 Dungeon Crawl Stone Soup version 0.21.1-1-g345015f (webtiles) character file.

3351 Mirai the Cleaver (level 9, 0/96 HPs)
             Began as a Demonspawn Berserker on Feb 21, 2018.
             Was an Elder of Trog.
             Slain by Exporg's ghost (18 damage)
             ... on level 8 of the Dungeon.
             The game lasted 00:28:43 (7141 turns).

Mirai the Cleaver (Demonspawn Berserker)            Turns: 7141, Time: 00:28:43

Health: 0/96       AC: 15    Str: 24    XL:     9   Next: 72%
Magic:  9/9        EV:  9    Int:  8    God:    Trog [****..]
Gold:   326        SH:  0    Dex: 15    Spells: 8/8 levels left

rFire    + . .     SeeInvis .   M - +1 war axe
rCold    + . .     Gourm    .   (no shield)
rNeg     . . .     Faith    .   x - +1 plate armour
rPois    .         Spirit   .   (helmet restricted)
rElec    .         Reflect  .   f - +0 cloak
rCorr    .         Harm     .   (no gloves)
MR       .....                  (no boots)
Stlth    ..........             r - amulet of magic regeneration
HPRegen  0.26/turn              e - ring of flight
MPRegen  0.36/turn              (no ring)

@: berserking (expiring), very quick
A: antennae 1, talons 1, cold resistance 1, fire resistance 1, frail 1,
MP-powered wands, sturdy frame 1
a: Berserk, Trog's Hand, Brothers in Arms, Burn Spellbooks, Renounce Religion,
Evoke Flight


You were on level 8 of the Dungeon.
You worshipped Trog.
Trog was greatly pleased with you.
You were near starving.

You visited 1 branch of the dungeon, and saw 8 of its levels.

You collected 326 gold pieces.

Inventory:

Hand Weapons
 M - a +1 war axe (weapon)
Missiles
 z - 2 tomahawks of returning (quivered)
Armour
 a - a +0 robe
 f - a +0 cloak (worn)
 i - a +0 leather armour
 l - a +0 ring mail
 o - a +0 robe
 w - a +0 ring mail
 x - a +1 plate armour (worn)
 y - a cursed +0 leather armour
 B - a +0 leather armour
 D - a +0 leather armour
Jewellery
 e - a ring of flight (left hand)
 r - an amulet of magic regeneration (around neck)
Wands
 b - a wand of scattershot (6)
 v - a wand of flame (18)
Scrolls
 h - a scroll of enchant armour
 j - 2 scrolls of remove curse
 k - a scroll of blinking
 m - a scroll of amnesia
 s - 2 scrolls of teleportation
 u - 7 scrolls of identify
Potions
 d - a potion of heal wounds
 g - a potion of agility {unknown}
 n - a potion of brilliance {unknown}
 p - 2 potions of magic {unknown}
 q - 2 potions of lignification {unknown}
 t - a potion of cancellation {unknown}
 A - 3 potions of haste {unknown}
 C - a potion of curing {unknown}
 E - a potion of might {unknown}
Books
 F - a book of Necromancy

   Spells                             Type                      Level
   a - Pain                           Necromancy                   1
   b - Animate Skeleton               Necromancy                   1
   c - Vampiric Draining              Necromancy                   3
   d - Regeneration                   Charms/Necromancy            3
   e - Animate Dead                   Necromancy                   4
   f - Borgnjor's Vile Clutch         Necromancy/Earth             5
   Trog disapproves of the use of such an item.
Comestibles
 c - 11 rations


   Skills:
 + Level 7.1 Fighting
 + Level 9.5 Axes
 + Level 6.2 Armour
 + Level 3.0 Dodging
 + Level 1.0 Stealth


You had 8 spell levels left.
You didn't know any spells.

Dungeon Overview and Level Annotations

Branches:
Dungeon (8/15)             Temple (0/1) D:6
   Lair: D:8-11

Altars:
Elyvilon
Gozag
Qazlal
Uskayaw
The Shining One

Shops:
D:4 :=:(

Annotations:
D:8 Exporg's ghost, novice TrBe


Innate Abilities, Weirdness & Mutations

You have a pair of small antennae on your head.
Your flesh is heat resistant. (rF+)
You have sharp toenails.
Your flesh is cold resistant. (rC+)
You are frail. (-10% HP)
You expend magic power (3 MP) to strengthen your wands.
Your movements are slightly less encumbered by armour. (ER -2)


Message History

You claw Exporg's ghost, but do no damage.
Exporg's ghost is moderately damaged.
Exporg's ghost hits you!
You slash Exporg's ghost!
You claw Exporg's ghost, but do no damage.
Exporg's ghost is heavily damaged.
Exporg's ghost barely misses you.
You hit Exporg's ghost. You claw Exporg's ghost.
Exporg's ghost is heavily damaged.
You barely miss Exporg's ghost.
Exporg's ghost is heavily damaged.
Exporg's ghost hits you but does no damage.
You hit Exporg's ghost.
Exporg's ghost is heavily damaged.
Exporg's ghost hits you!!
* * * LOW HITPOINT WARNING * * *
You slash Exporg's ghost! Your kick misses Exporg's ghost.
Exporg's ghost is severely damaged.
Exporg's ghost hits you!!
You die...

##...##
##.....##
##.......##
#.........#
+.........+
#.........#
##.......##
##.....##
##.@.##
##W## #.#
#.# #.# ...
... ...


You could see Exporg's ghost.

Vanquished Creatures
  The ghost of Thomus the Severer, a novice MiBe of Trog (D:7)
  A centaur zombie (D:6)
  Menkaure (D:7)
  Duvessa (D:6)
  A hornet zombie (D:5)
  An eye of draining (D:6)
  An ice beast (D:4)
  A phantom (D:5)
  A centaur (D:6)
  3 ogres
  A bullfrog (D:6)
  Dowan (D:6)
  5 scorpions
  A water moccasin skeleton (D:4)
  3 crimson imps
  A jelly (D:7)
  A bullfrog zombie (D:6)
  2 hounds
  6 orc wizards
  4 orc priests
  A bullfrog skeleton (D:6)
  A centaur skeleton (D:4)
  Natasha (thrice) (D:2)
  An iguana (D:5)
  Terence (D:2)
  3 worker ants
  A hound zombie (D:7)
  3 gnolls (D:2)
  12 adders
  A shadow imp (D:7)
  An adder zombie (D:5)
  5 worms
  3 dart slugs
  2 leopard geckos
  23 orcs
  2 ball pythons
  8 giant cockroaches
  11 goblins
  6 hobgoblins
  10 jackals
  4 kobolds
  3 bats (D:1)
  7 frilled lizards
  7 rats
156 creatures vanquished.

Notes
Turn   | Place    | Note
-------+----------+-------------------------------------------
     0 | D:1      | Mirai the Demonspawn Berserker began the quest for the Orb.
     0 | D:1      | Reached XP level 1. HP: 18/18 MP: 1/1
   144 | D:1      | Gained mutation: Your flesh is heat resistant. (rF+) [demonic ancestry]
   144 | D:1      | Reached XP level 2. HP: 18/24 MP: 2/2
   159 | D:1      | Reached skill level 3 in Axes
   360 | D:1      | Reached XP level 3. HP: 29/29 MP: 3/3
   731 | D:2      | Noticed Terence
   743 | D:2      | Killed Terence
   806 | D:2      | Noticed Natasha
   812 | D:2      | Gained mutation: You have a pair of small antennae on your head. [demonic ancestry]
   812 | D:2      | Reached XP level 4. HP: 36/36 MP: 4/4
   815 | D:2      | Reached ** piety under Trog
   821 | D:2      | Killed Natasha
  1026 | D:2      | Noticed Natasha
  1031 | D:2      | Killed Natasha
  1031 | D:2      | Reached skill level 4 in Axes
  1031 | D:2      | Reached XP level 5. HP: 42/42 MP: 5/5
  1234 | D:2      | Noticed Natasha
  1239 | D:2      | Killed Natasha
  2287 | D:3      | Reached XP level 6. HP: 48/48 MP: 6/6
  2709 | D:4      | Found Didd's Weapon Boutique.
  2812 | D:4      | Got a fine whip
  2828 | D:4      | Reached skill level 5 in Axes
  2908 | D:4      | Found Mienwatt's Jewellery Shoppe.
  2917 | D:4      | Found Sutriaf's Book Emporium.
  2936 | D:4      | Noticed an ice beast
  2949 | D:4      | Killed an ice beast
  3238 | D:4      | Reached XP level 7. HP: 39/55 MP: 7/7
  3636 | D:4      | Found Vouggeat's Book Shoppe.
  4282 | D:5      | Entered Level 5 of the Dungeon
  4297 | D:5      | Reached skill level 6 in Axes
  4412 | D:5      | Reached *** piety under Trog
  4660 | D:5      | Reached skill level 1 in Stealth
  4827 | D:5      | Found a stormy altar of Qazlal.
  4828 | D:5      | Noticed a fire elemental
  4828 | D:5      | Noticed a water elemental
  4828 | D:5      | Noticed an air elemental
  4890 | D:5      | Reached skill level 5 in Fighting
  4890 | D:5      | Reached XP level 8. HP: 57/62 MP: 8/8
  5394 | D:5      | Gained mutation: You are weak. (Str -2) [potion of mutation]
  5394 | D:5      | Gained mutation: You are frail. (-10% HP) [potion of mutation]
  5394 | D:5      | Gained mutation: Your movements are slightly less encumbered by armour. (ER -2) [potion of mutation]
  5395 | D:5      | Lost mutation: You are weak. (Str -2) [potion of mutation]
  5395 | D:5      | Gained mutation: You expend magic power (3 MP) to strengthen your wands. [potion of mutation]
  5395 | D:5      | Gained mutation: Your flesh is cold resistant. (rC+) [potion of mutation]
  5395 | D:5      | Gained mutation: You have sharp toenails. [potion of mutation]
  5455 | D:6      | Reached skill level 5 in Armour
  5789 | D:6      | Reached skill level 7 in Axes
  5857 | D:6      | Found a staircase to the Ecumenical Temple.
  5866 | D:6      | Reached XP level 9. HP: 57/62 MP: 9/9
  5955 | D:6      | Noticed Duvessa
  5956 | D:6      | Noticed Dowan
  5960 | D:6      | Killed Duvessa
  5960 | D:6      | Reached skill level 8 in Axes
  5985 | D:6      | Killed Dowan
  6590 | D:7      | Noticed Menkaure
  6596 | D:7      | Killed Menkaure
  6693 | D:7      | Reached **** piety under Trog
  6755 | D:7      | Found a faded altar of an unknown god.
  6755 | D:7      | Found a glowing golden altar of the Shining One.
  6760 | D:7      | Found a white marble altar of Elyvilon.
  6762 | D:7      | Found an opulent altar of Gozag.
  6764 | D:7      | Found a hide-covered altar of Uskayaw.
  6824 | D:7      | Got a shimmering ring mail
  6835 | D:7      | Identified the cursed +1 ring mail of the Scribe {+Blink rF- rCorr Str-4} (You found it on level 7 of the Dungeon)
  6870 | D:7      | Noticed Thomus's ghost (novice MiBe)
  6882 | D:7      | Killed Thomus's ghost
  6882 | D:7      | Reached skill level 9 in Axes
  7131 | D:8      | Noticed Exporg's ghost (novice TrBe)
  7141 | D:8      | Slain by Exporg's ghost

Skill      XL: |  1  2  3  4  5  6  7  8  9 |
---------------+----------------------------+-----
Axes           | 3 4 5 6 7 9 |  9.5
Dodging        | 2 3 |  3.0
Armour         | 2 3 4 5 6 |  6.2
Fighting       | 4 5 6 7 |  7.1
Stealth        | 1 |  1.0

Action                   |  1- 3 |  4- 6 |  7- 9 || total
-------------------------+-------+-------+-------++-------
Melee: Hand axe          |    93 |   230 |   127 ||   450
       War axe           |       |       |   192 ||   192
       Kick              |       |       |    53 ||    53
Invok: Berserk           |     2 |     6 |    12 ||    20
  Use: Scroll            |       |       |    15 ||    15
       Potion            |       |       |     3 ||     3
 Stab: Sleeping          |       |     1 |       ||     1
  Eat: Chunk             |     1 |    12 |    18 ||    31
       Ration            |       |     1 |     1 ||     2
Armor: Scale mail        |    30 |       |       ||    30
       Animal skin       |     3 |       |       ||     3
       Chain mail        |     1 |    20 |       ||    21
       Robe              |       |     7 |       ||     7
       Plate armour      |       |    63 |   199 ||   262
Dodge: Dodged            |    63 |   109 |   110 ||   282
